 Seeded DCSS version 0.26-a0-255-gd5f3108 (webtiles) character file.

Game seed: 4987042607762808512 (custom seed)

2566 lyrin the Basher (level 9, -7/67 HPs)
             Began as a Human Gladiator on July 9, 2020.
             Was a Believer of Wu Jian.
             Mangled by a warg (9 damage)
             ... on level 8 of the Dungeon.
             The game lasted 00:16:11 (11611 turns).

lyrin the Basher (Human Gladiator)                 Turns: 11611, Time: 00:16:12

Health: -7/67      AC: 18    Str: 14 (16) XL:     9   Next: 87%
Magic:  9/9        EV:  5    Int:  9 (10) God:    Wu Jian [**....]
Gold:   251        SH:  0    Dex: 13 (15) Spells: 8/8 levels left

rFire    . . .     SeeInvis .   a - +0 flail
rCold    . . .     Faith    .   (no shield)
rNeg     . . .     Spirit   .   s - +0 plate armour
rPois    +         Reflect  .   c - +0 helmet
rElec    .         Harm     .   (no cloak)
rCorr    .                      j - +0 pair of gloves
MR       .....                  y - +2 pair of boots
Stlth    ..........             (no amulet)
HPRegen  0.21/turn              B - ring of attention (curse)
MPRegen  0.11/turn              A - ring of poison resistance

@: mighty, brilliant, stab, very slightly contaminated, invisible
A: no striking features
a: Wall Jump, Renounce Religion


You were on level 8 of the Dungeon.
You worshipped Wu Jian.
Wu Jian was pleased with you.
You were not hungry.

You visited 2 branches of the dungeon, and saw 9 of its levels.

You collected 251 gold pieces.

Inventory:

Hand Weapons
 a - a +0 flail (weapon)
 g - a +1 dagger of venom
Missiles
 d - a throwing net
 p - 3 javelins
 x - 2 atropa-tipped darts (quivered)
 E - 11 poisoned darts
Armour
 b - a +0 leather armour
 c - a +0 helmet (worn)
 j - a +0 pair of gloves (worn)
 s - a +0 plate armour (worn)
 y - a +2 pair of boots (worn)
Jewellery
 h - an uncursed ring of protection from cold
 A - a ring of poison resistance (right hand)
 B - a cursed ring of attention (left hand)
Wands
 m - a wand of polymorph (7)
 z - a wand of random effects (32)
 F - a wand of iceblast (9)
Scrolls
 e - a scroll of magic mapping
 f - 4 scrolls of remove curse
 i - a scroll of fear {unknown}
 k - 5 scrolls of teleportation
 l - 3 scrolls of blinking
 o - a scroll of enchant armour {unknown}
 q - 2 scrolls of fog
 C - a scroll of amnesia
 G - a scroll of identify
Potions
 D - a potion of degeneration
Comestibles
 w - 10 rations


   Skills:
 + Level 4.9 Fighting
 * Level 10.1 Maces & Flails
 - Level 2.0 Throwing
 + Level 5.9 Armour
 + Level 4.2 Dodging


You had 8 spell levels left.
You didn't know any spells.
Your spell library contained the following spells:

 Spells                   Type           Power        Failure   Level
 Summon Small Mammal      Summ           #...         100%        1
 Call Imp                 Summ           #.......     100%        2
 Call Canine Familiar     Summ           #.......     100%        3
 Summon Guardian Golem    Hex/Summ       #.......     100%        3
 Summon Ice Beast         Ice/Summ       #.......     100%        4
 Summon Lightning Spire   Summ/Air       #.......     100%        4


Dungeon Overview and Level Annotations

Branches:
Dungeon (8/15)             Temple (1/1) D:5
   Lair: D:8-11

Altars:
Ashenzari
Cheibriados
Dithmenos
Elyvilon
Fedhas
Gozag
Hepliaklqana
Kikubaaqudgha
Makhleb
Nemelex Xobeh
Okawaru
Qazlal
Ru
Sif Muna
Trog
Uskayaw
Vehumet
Wu Jian
Xom
Yredelemnul
Zin
The Shining One

Annotations:
D:6 Harold


Message History

It was a potion of might.
You feel very mighty all of a sudden.
The howler monkey howls!
The orc shouts!
The warg bites you.
* * * LOW HITPOINT WARNING * * *
The orc wizard hits you but does no damage.
An orc comes into view. It is wielding a +0 hand axe.
You feel better.
The orc shouts!
The warg bites you!
* * * LOW HITPOINT WARNING * * *
The orc wizard hits you but does no damage.
The howler monkey howls!
You sock the warg!
The warg is heavily wounded.
The orc shouts!
The howler monkey howls!
The orc shouts!
The warg bites you.
* * * LOW HITPOINT WARNING * * *
The warg bites you!
You die... ....#### ..... ...#... .h.o # #...#. #... #.#########..... .oh

............... #..
##...........# #..
#.......#.##..
##).########..#....#.####
#.hoo..o@h....#......#
....>.o...########....###
########### #>...# #....#
#....# ######


You could see a warg, a howler monkey (wandering), an orc wizard and 3 orcs.

Vanquished Creatures
  Prince Ribbit (D:6)
  A hippogriff (D:7)
  2 wargs (D:8)
  A sky beast (D:6)
  An ice beast (D:6)
  3 ogres
  A centaur (D:8)
  3 bullfrogs
  3 scorpions
  5 wights (D:7)
  5 howler monkeys
  2 hounds (D:5)
  A centaur skeleton (D:7)
  A jelly (D:6)
  7 orc wizards
  3 iguanas
  A killer bee zombie (D:5)
  A worker ant (D:6)
  3 hound skeletons (D:4)
  7 adders
  2 white imps
  An ufetubus (D:7)
  An adder skeleton (D:5)
  A worm (D:4)
  3 dart slugs
  4 leopard geckos
  27 orcs
  13 ball pythons
  7 giant cockroaches
  3 hobgoblins
  16 jackals
  4 quokkas
  8 bats
  6 frilled lizards
  6 goblins
  5 kobolds
  A leopard gecko skeleton (D:6)
  A quokka skeleton (D:7)
  2 rats
163 creatures vanquished.

Notes
Turn   | Place    | Note
-------+----------+-------------------------------------------
     0 | D:1      | lyrin the Human Gladiator began the quest for the Orb.
     0 | D:1      | Reached XP level 1. HP: 16/16 MP: 1/1
   236 | D:1      | Reached XP level 2. HP: 20/22 MP: 2/2
  1040 | D:2      | Reached XP level 3. HP: 28/28 MP: 3/3
  1078 | D:2      | Found an iron altar of Okawaru.
  1873 | D:2      | Reached XP level 4. HP: 33/34 MP: 4/4
  2004 | D:2      | Reached skill level 1 in Armour
  2282 | D:2      | Found an ornate altar of the Wu Jian Council.
  2290 | D:2      | Became a worshipper of the Wu Jian Council
  2431 | D:2      | Reached skill level 4 in Maces & Flails
  3004 | D:2      | Reached XP level 5. HP: 18/39 MP: 5/5
  3663 | D:3      | Reached XP level 6. HP: 46/46 MP: 6/6
  3873 | D:3      | Reached * piety under Wu Jian
  3946 | D:3      | Found a shimmering altar of Xom.
  4094 | D:4      | Noticed an ogre
  4164 | D:4      | You fall into a shaft and drop 2 floors!
  4170 | D:5      | Entered Level 5 of the Dungeon
  4232 | D:5      | Found a staircase to the Ecumenical Temple.
  4244 | Temple   | Entered the Ecumenical Temple
  4428 | D:5      | Reached skill level 5 in Maces & Flails
  4857 | D:5      | Reached XP level 7. HP: 48/52 MP: 7/7
  4858 | D:5      | Found a basalt altar of Yredelemnul.
  4911 | D:4      | Reached skill level 6 in Maces & Flails
  5808 | D:4      | Reached ** piety under Wu Jian
  7201 | D:6      | Reached skill level 7 in Maces & Flails
  7201 | D:6      | Reached XP level 8. HP: 58/58 MP: 8/8
  7204 | D:6      | Found a sacrificial altar of Ru.
  7647 | D:5      | Found a staircase to the Ecumenical Temple.
  8308 | D:6      | Found a sparkling altar of Nemelex Xobeh.
  8417 | D:6      | Reached skill level 8 in Maces & Flails
  8943 | D:7      | Noticed Prince Ribbit
  9100 | D:6      | Killed Prince Ribbit
  9236 | D:7      | Reached XP level 9. HP: 64/65 MP: 9/9
  9277 | D:7      | Reached skill level 9 in Maces & Flails
  9793 | D:7      | Noticed Harold
  9798 | D:7      | Noticed a hippogriff
 10747 | D:7      | Killed a hippogriff
 10747 | D:7      | Reached skill level 5 in Armour
 11013 | D:7      | Found a burning altar of Makhleb.
 11584 | D:8      | Reached skill level 10 in Maces & Flails
 11609 | D:8      | HP: 2/67 [warg (5)]
 11611 | D:8      | Mangled by a warg

Illustrated notes

Levels and vault maps discovered:
D:1:      nzn_arrival_crosshair, layout_loops_corners
D:2:      layout_loops_ring, lemuel_round_altar, okawaru_ov_weapons_minmay,
          minmay_snake_closets
D:3:      layout_basic, lemuel_doored_altar
D:4:      layout_gridville, first_ration, minivault_24
D:5:      layout_basic, minmay_temple_entry_glassed_door, basic_altar
D:6:      layout_loops_ring, nicolae_ru_the_path_less_chosen,
          kennysheep_little_box
D:7:      layout_rooms, bloody_makhleb, uniq_harold, uniq_prince_ribbit1
D:8:      layout_rooms, erik_lair_orcish_takeover, blue_anna_alchemist
          [blue_anna_fruit_fields, blue_anna_fruit_fields]
Temple:   regret_index_temple_sphere_string

Skill      XL: |  1  2  3  4  5  6  7  8  9 |
---------------+----------------------------+-----
Armour         | 1 2 4 5 |  5.9
Maces & Flails | 4 5 7 8 10 | 10.1
Dodging        | 4 |  4.2
Fighting       | 3 4 |  4.9
Throwing       | |  2.0

Action                   |  1- 3 |  4- 6 |  7- 9 || total
-------------------------+-------+-------+-------++-------
Melee: Flail             |   134 |   203 |   513 ||   850
Throw: Throwing net      |       |     3 |     4 ||     7
       Dart              |       |       |     7 ||     7
Invok: Lunge             |       |    11 |    13 ||    24
       Whirlwind         |       |     3 |    28 ||    31
  Use: Potion            |       |     2 |     6 ||     8
       Scroll            |       |       |     7 ||     7
 Stab: Sleeping          |     1 |     2 |       ||     3
       Held in net/web   |       |     1 |     1 ||     2
       Invisible         |       |       |     2 ||     2
  Eat: Ration            |     1 |     3 |     6 ||    10
Armor: Leather armour    |    36 |    30 |       ||    66
       Skin              |       |     1 |       ||     1
       Plate armour      |       |    80 |   412 ||   492
Dodge: Dodged            |   122 |   107 |   195 ||   424

Table legend:
 A = Non-vault XP
 B = Vault XP
 C = Vault XP percentage of total XP
 D = Non-vault monster count
 E = Vault monster count
 F = Vault count percentage of total count
                 A         B        C        D         E       F
            +---------+---------+-------+---------+---------+-------
      Total |    2975 |     692 |  18.9 |     147 |      16 |   9.8
            +---------+---------+-------+---------+---------+-------
        D:1 |      27 |       0 |   0.0 |      16 |       0 |   0.0
        D:2 |     128 |      52 |  28.9 |      20 |      11 |  35.5
        D:3 |      94 |       0 |   0.0 |      25 |       0 |   0.0
        D:4 |     319 |       0 |   0.0 |      20 |       0 |   0.0
        D:5 |     457 |       0 |   0.0 |      18 |       0 |   0.0
        D:6 |     747 |     264 |  26.1 |      20 |       1 |   4.8
        D:7 |     973 |       0 |   0.0 |      22 |       0 |   0.0
        D:8 |     230 |     376 |  62.0 |       6 |       4 |  40.0
            +---------+---------+-------+---------+---------+-------
